Map: Coda LE

Players

Rob

  • Race: Protoss Protoss
  • League: Grandmaster
  • Spawn Location: 11:00

Jason - Winner!

  • Race: Terran Terran
  • League: Grandmaster
  • Spawn Location: 5:00

VOD

Have the link to the VOD?

Description

Time

  • Played on: May 13, 2019, 5:45 p.m.
  • Length: 11:04
Show
View Real Time Build Order
Export as new Build Order

Rob Protoss 

Build Orders:  

Get SALT Encoding   

  12  0:00  Probe  
  13  0:12  Probe  
  14  0:22  Pylon  
  14  0:24  Probe  
  15  0:36  Probe  
  15  0:40  Gateway  
  16  0:44  Probe  
  16  0:46  Assimilator  
  17  0:53  Assimilator  
  17  0:56  Probe  
  18  1:08  Probe  
  19  1:20  Probe  
  20  1:28  Cybernetics Core  
  20  1:31  Pylon  
  20  1:32  Probe  
  21  1:44  Probe  
  22  1:57  Probe  
  22  2:00  Stalker  
  23  2:05  Robotics Facility x2  
  23  2:12  Warp Gate  
  25  2:24  Pylon  
  27  2:42  Warp Prism  
  26  2:49  Immortal  
  30  3:04  Pylon  
  30  3:21  Immortal  
  34  3:37  Immortal  
  38  4:04  Pylon  
  38  4:16  Immortal  
  42  4:30  Twilight Council  
  40  4:31  Gateway  
  40  4:32  Probe  
  41  4:38  Gateway  
  41  4:51  Warp Prism  
  43  5:07  Dark Shrine  
  43  5:11  Pylon  
  43  5:14  Observer  
  44  5:23  Pylon  
  44  5:32  Stalker  
  44  5:33  Stalker  
  44  6:22  Observer  
  44  6:23  Dark Templar x3  
  50  6:43  Pylon  
  48  6:56  Probe  
  47  7:17  Stalker x3  
  47  7:20  Immortal x2  
  61  7:26  Pylon  
  61  7:37  Probe  
  62  7:49  Probe  
  61  7:53  Nexus  
  61  8:01  Probe  
  56  8:13  Probe  
  53  8:24  Stalker  
  53  8:25  Stalker x2  
  53  8:26  Probe  
  50  8:40  Probe  
  43  8:50  Dark Templar x2  
  47  8:57  Dark Templar  
  49  9:08  Pylon  
  45  9:25  Dark Templar  
  45  9:31  Assimilator, Dark Templar  
  45  9:38  Shield Battery  
  47  9:40  Shield Battery  
  45  9:49  Dark Templar  
  43  10:09  Stalker x2  
  33  10:23  Probe  
  33  10:25  Stalker  
  33  10:26  Probe  
  35  10:34  Stalker x2  
  35  10:35  Probe  
  35  10:37  Observer  
  35  10:38  Probe  
  33  10:47  Probe  
  28  10:56  Stalker  
Show
View Real Time Build Order
Export as new Build Order

Jason Terran - Winner!

Build Orders: Reaper Expand 

Get SALT Encoding   

  12  0:00  SCV  
  13  0:13  SCV  
  14  0:18  Supply Depot  
  14  0:25  SCV  
  15  0:39  SCV  
  15  0:41  Barracks  
  16  0:45  Refinery  
  16  0:51  SCV  
  17  1:03  SCV  
  18  1:15  SCV  
  19  1:28  Orbital Command  
  19  1:30  Reaper  
  20  1:47  Command Center  
  20  1:55  SCV  
  21  2:02  Marine  
  21  2:04  Supply Depot  
  21  2:08  SCV  
  23  2:16  Bunker  
  23  2:20  Factory  
  23  2:23  Barracks Reactor  
  23  2:25  SCV  
  24  2:33  Refinery  
  24  2:38  SCV, Bunker  
  24  2:40  Engineering Bay  
  24  2:43  Supply Depot  
  25  2:50  SCV  
  26  3:01  Marine  
  26  3:02  SCV, Marine  
  26  3:05  Starport, Factory Tech Lab  
  29  3:09  Bunker  
  29  3:14  SCV  
  29  3:17  Missile Turret  
  30  3:20  Marine  
  30  3:22  Marine  
  32  3:27  Siege Tank  
  36  3:38  Marine  
  36  3:40  Marine  
  37  3:45  Viking  
  38  3:54  SCV  
  38  3:56  Marine  
  38  3:58  Marine  
  39  4:07  Supply Depot  
  39  4:14  Marine  
  40  4:19  Siege Tank  
  43  4:27  SCV  
  43  4:38  Viking  
  43  4:39  SCV  
  46  4:51  SCV  
  47  4:54  Marine x2  
  49  5:01  Siege Tank  
  52  5:07  Supply Depot  
  52  5:12  SCV  
  53  5:15  Marine  
  53  5:17  Marine  
  55  5:32  Command Center  
  55  5:36  Marine  
  55  5:37  Marine  
  57  5:44  Viking  
  59  5:51  Siege Tank  
  62  6:07  Supply Depot  
  59  6:28  Supply Depot  
  59  6:29  SCV, Siege Tank  
  63  6:32  Supply Depot  
  63  6:44  Medivac  
  63  6:45  Orbital Command  
  65  6:49  Missile Turret  
  65  6:54  SCV  
  63  7:12  Siege Tank  
  57  7:18  Marine  
  57  7:19  Marine  
  59  7:26  Orbital Command  
  59  7:27  Viking  
  61  7:31  SCV  
  61  7:37  Marine x2  
  63  7:45  SCV  
  63  7:46  Missile Turret  
  64  7:52  SCV  
  64  7:57  SCV  
  66  8:01  Siege Tank  
  66  8:04  SCV  
  67  8:10  SCV  
  63  8:18  Marine x2, Refinery  
  63  8:19  Orbital Command  
  66  8:22  SCV  
  61  8:36  Marine  
  59  8:46  SCV x2  
  59  8:47  Marine  
  59  8:48  Siege Tank  
  65  8:49  Missile Turret  
  65  8:54  Marine  
  65  9:04  Marine  
  65  9:07  SCV x2  
  66  9:18  Marine  
  66  9:19  SCV x2  
  66  9:22  Marine  
  70  9:27  Siege Tank  
  72  9:35  Marine  
  73  9:40  Marine  
  67  9:53  Marine  
  67  9:58  Missile Turret x2  
  67  9:59  Missile Turret  
  63  10:02  Siege Tank  
  63  10:03  Marine  
  60  10:11  Marine  
  55  10:20  Marine  
  39  10:29  Marine  
  39  10:31  SCV x2  
  45  10:43  SCV x2  
Tags
 
Add a new tag
Caveats
  • Supply blocks, unpowered buildings, or Contaminate may cause inaccurate times.
  • Supply counts are checked every 10 seconds.